AoeStats
← quiquito45

Pilgrims

508580057Analyzed
2v2 RM · 10d ago on Sep 23, 2026· 27m 26s· 4 players
Game mode
Random Map
Map size
Medium (4 player)
Population
200
Speed
Normal
Resources
Standard
Victory
Conquest
Starting age
Dark Age
Ending age
Imperial Age
RankedLock teamsTeams togetherTeam positionsShared explorationLock speedFull tech treeHidden civsTurbo modeCheats
Victory
Defeat
🇲🇽 Britons · Mexico
1012
+14
🇦🇷 Mongols · Argentina
1005
+14
🇲🇽 Vietnamese · Mexico
1017
-16
🇨🇦 Huns · Canada
903
-12
T270491
11:45 Feudal Age
12:04 Loom
13:03 Wheelbarrow
12:14 Double-Bit Axe
15:10 Town Watch
17:28 Castle Age
22:28 Fletching
22:39 Padded Archer Armor
24:32 Leather Archer Armor
quiquito45
6:37 Loom
10:20 Feudal Age
14:21 Man-at-Arms
23:02 Castle Age
22:45 Stone Mining
25:15 Gold Mining
nene.gualicho
8:28 Loom
11:13 Feudal Age
12:30 Wheelbarrow
13:35 Double-Bit Axe
14:54 Gold Mining
19:42 Castle Age
18:10 Fletching
19:31 Padded Archer Armor
19:53 Stone Mining
20:28 Forging
20:43 Bodkin Arrow
21:03 Leather Archer Armor
20:43 Crossbowman
23:04 Hand Cart
23:38 Gold Shaft Mining
Optimus
9:13 Loom
10:58 Feudal Age
16:27 Man-at-Arms
23:07 Castle Age
22:46 Padded Archer Armor
22:58 Forging
22:55 Scale Barding Armor
22:57 Double-Bit Axe
24:41 Husbandry
24:34 Fletching
27:17 Town Watch
Connection lost

Rejoining the realm…

Still unreachable

The connection could not be restored.

Session expired

The server has moved on; the page needs a fresh start.